 Dungeon Sprint DCSS version 0.19-a0-895-gdbd5520 (webtiles) character file.

170 LORDOFBUTT the Conjurer (level 5, -5/25 HPs)
             Began as a Spriggan Conjurer on July 4, 2016.
             Was an Initiate of Sif Muna.
             Slain by a howler monkey (8 damage)
             ... in the Dungeon (Sprint IX: "|||||||||||||||||||||||||||||").
             The game lasted 00:02:27 (369 turns).

LORDOFBUTT the Conjurer (Spriggan Conjurer)          Turns: 369, Time: 00:02:27

Health: -5/25      AC:  0    Str:  4    XL:     5   Next: 25%
Magic:  2/13       EV: 22    Int: 19    God:    Sif Muna [......]
Gold:   0          SH:  0    Dex: 18    Spells: 2 memorised, 11 levels left

rFire  . . .     SeeInvis +     o - +4 quarterstaff (speed)
rCold  . . .     Gourm    .     a - +0 robe
rNeg   . . .     Faith    .     (shield currently unavailable)
rPois  .         Spirit   .     (helmet restricted)
rElec  .         Dismiss  .     (no cloak)
rCorr  .         Reflect  .     (gloves unavailable)
SustAt .         Harm     .     (boots unavailable)
MR     .....     NoTele   +     (no amulet)
Stlth  +++.......               p - +3 ring of intelligence
                                e - +2 ring of protection

@: corroded, very quick, not resistant to hostile enchantments, fairly stealthy
A: unfitting armour, see invisible, herbivore 3, speed 3, slow metabolism 2
a: Renounce Religion


You were in the Dungeon.
You worshipped Sif Muna.
Sif Muna was noncommittal.
You were not hungry.

You visited 1 branch

Inventory:

Hand Weapons
 o - a +4 quarterstaff of speed (weapon)
Armour
 a - a +0 robe (worn)
Jewellery
 e - a +2 ring of protection (left hand)
 p - a +3 ring of intelligence (right hand)
Wands
 n - a wand of lightning (7/15)
Scrolls
 i - 2 scrolls of blinking
 l - 3 scrolls of remove curse
 m - 2 scrolls of amnesia
Potions
 d - 5 potions of curing
 f - a potion of haste
 g - 2 potions of magic
 h - a potion of berserk rage
 j - a potion of invisibility
 k - 2 potions of heal wounds
Books
 b - a book of Conjurations

   Spells                             Type                      Level
   a - Magic Dart                     Conjuration                  1
   b - Searing Ray                    Conjuration                  2
   c - Dazzling Spray                 Conjuration/Hexes            3
   d - Fulminant Prism                Conjuration/Hexes            4
   e - Iskenderun's Mystic Blast      Conjuration                  4
   f - Iskenderun's Battlesphere      Conjuration/Charms           5
Comestibles
 c - a bread ration


   Skills:
 + Level 1.0 Fighting
 * Level 1.8 Staves
 + Level 6.5 Dodging
 + Level 5.0 Stealth
 - Level 0.2 Unarmed Combat
 + Level 5.4 Spellcasting
 + Level 6.8 Conjurations


You had 11 spell levels left.
You knew the following spells:

 Your Spells              Type           Power        Failure   Level  Hunger
a - Magic Dart            Conj           ####         1%          1    None
b - Searing Ray           Conj           ####..       1%          2    None


Dungeon Overview and Level Annotations

Branches:
Dungeon (1/1)

Altars:
Cheibriados
Dithmenos
Elyvilon
Fedhas
Gozag
Hepliaklqana
Kikubaaqudgha
Makhleb
Nemelex Xobeh
Okawaru
Pakellas
Qazlal
Ru
Sif Muna
Trog
Uskayaw
Vehumet
Xom
Yredelemnul
Zin
The Shining One
Beogh
Jiyva
Lugonu


Innate Abilities, Weirdness & Mutations

You are tiny and cannot use many weapons and most armour.
You have supernaturally acute eyesight. (SInv)
You are a herbivore.
You cover ground extremely quickly.
You need consume almost no food.


Message History

The jelly is severely wounded.
The jelly hits you.
You are splashed with acid!
The acid corrodes you!
The acid burns!
The searing ray hits the jelly.
You kill the jelly!
Sif Muna accepts your kill.
Your Fighting skill increases to level 1!
Your Stealth skill increases to level 5!
The searing ray hits the howler monkey.
The howler monkey is heavily wounded.
The searing ray hits the scorpion.
The scorpion is almost dead.
You finish channeling your searing ray.
The howler monkey hits you. The howler monkey misses you.
The howler monkey hits you!
* * * LOW HITPOINT WARNING * * *
You hit the howler monkey.
The howler monkey is severely wounded.
The howler monkey hits you!
You die... ▓▓▓▓▓▓▓▓▓▓▓▓▓▓▓▓▓▓▓▓▓▓▓▓ _______'..|)[[[.@hsl.... ▓▓▓▓▓▓▓▓▓▓▓▓▓▓▓▓▓▓▓▓▓▓▓▓

You could see a scorpion, a howler monkey and an iguana.

Vanquished Creatures
  An ogre (D)
  A wight (D)
  A jelly (D)
  An ooze (D)
  An adder skeleton (D)
  An orc (D)
  2 giant cockroaches (D)
  A goblin (D)
  A jackal (D)
  A kobold (D)
  A giant newt (D)
  A rat (D)
13 creatures vanquished.

Notes
Turn   | Place    | Note
-------+----------+-------------------------------------------
     0 | D        | LORDOFBUTT the Spriggan Conjurer began the quest for the Orb.
     0 | D        | Reached XP level 1. HP: 9/9 MP: 5/5
    20 | D        | Reached XP level 2. HP: 5/13 MP: 1/7
   221 | D        | Learned a level 2 spell: Searing Ray
   225 | D        | Noticed an ogre
   252 | D        | Killed an ogre
   252 | D        | Reached skill level 5 in Dodging
   252 | D        | Reached XP level 3. HP: 17/17 MP: 5/10
   252 | D        | Reached XP level 4. HP: 21/21 MP: 5/11
   285 | D        | Found a glowing silver altar of Zin.
   285 | D        | Found a glowing golden altar of the Shining One.
   285 | D        | Found an ancient bone altar of Kikubaaqudgha.
   285 | D        | Found a basalt altar of Yredelemnul.
   285 | D        | Found a shimmering altar of Xom.
   285 | D        | Found a radiant altar of Vehumet.
   286 | D        | Found an iron altar of Okawaru.
   287 | D        | Found a burning altar of Makhleb.
   288 | D        | Found a deep blue altar of Sif Muna.
   289 | D        | Found a bloodstained altar of Trog.
   290 | D        | Found a sparkling altar of Nemelex Xobeh.
   291 | D        | Found a white marble altar of Elyvilon.
   292 | D        | Found a roughly hewn altar of Beogh.
   293 | D        | Found a viscous altar of Jiyva.
   294 | D        | Found a corrupted altar of Lugonu.
   295 | D        | Found a blossoming altar of Fedhas.
   296 | D        | Found a snail-covered altar of Cheibriados.
   298 | D        | Became a worshipper of Sif Muna the Loreminder
   300 | D        | Found a shadowy altar of Dithmenos.
   301 | D        | Found a stormy altar of Qazlal.
   302 | D        | Found an opulent altar of Gozag.
   303 | D        | Found a sacrificial altar of Ru.
   304 | D        | Found an oddly glowing altar of Pakellas.
   305 | D        | Found a hide-covered altar of Uskayaw.
   306 | D        | Found a hazy altar of Hepliaklqana.
   361 | D        | Reached skill level 1 in Staves
   361 | D        | Reached skill level 5 in Spellcasting
   363 | D        | Reached XP level 5. HP: 25/25 MP: 6/13
   366 | D        | Reached skill level 1 in Fighting
   366 | D        | Reached skill level 5 in Stealth
   369 | D        | Slain by a howler monkey

Vault maps used:
D:        linesprint

Skill      XL: |  1  2  3  4  5 |
---------------+----------------+-----
Conjurations   | 3 6 |  6.8
Spellcasting   | 3 4 5 |  5.4
Dodging        | 5 6 |  6.5
Stealth        | 4 5 |  5.0
Staves         | 1 |  1.8
Fighting       | 1 |  1.0
Unarmed Combat | |  0.2

Action                   |  1- 3 |  4- 6 || total
-------------------------+-------+-------++-------
Melee: Unarmed           |    14 |       ||    14
       Quarterstaff      |       |     2 ||     2
 Cast: Magic Dart        |     5 |       ||     5
       Searing Ray       |     4 |     2 ||     6
  Use: Potion            |     3 |       ||     3
Armor: Robe              |     1 |       ||     1
Dodge: Dodged            |    13 |     3 ||    16
